 Dungeon Crawl Stone Soup version 0.23-a0-175-g97aacdb (webtiles) character file.

47 Inarius the Skirmisher (level 3, 0/29 HPs)
             Began as a Mummy Fighter on Sept 16, 2018.
             Slain by a centaur (3 damage)
             ... on level 2 of the Dungeon.
             The game lasted 00:01:08 (905 turns).

Inarius the Skirmisher (Mummy Fighter)               Turns: 905, Time: 00:01:09

Health: 0/29       AC:  6    Str: 20    XL:     3   Next: 48%
Magic:  3/3        EV:  7    Int:  7    God:
Gold:   57         SH:  9    Dex: 11    Spells: 2/2 levels left

rFire    x . .     SeeInvis .   e - +2 dagger (elec)
rCold    + . .     Gourm    .   c - +0 shield
rNeg     + + +     Faith    .   b - +0 scale mail
rPois    ∞         Spirit   .   (no helmet)
rElec    .         Reflect  .   (no cloak)
rCorr    .         Harm     .   (no gloves)
MR       .....                  (no boots)
Stlth    ..........             (no amulet)
HPRegen  0.09/turn              (no ring)
MPRegen  0.08/turn              (no ring)

@: no status effects
A: no food or potions, fire vulnerability, cold resistance 1, negative energy
resistance 3, torment resistance, unbreathing
a: no special abilities


You were on level 2 of the Dungeon.
You were not hungry.

You visited 1 branch of the dungeon, and saw 2 of its levels.

You collected 57 gold pieces.

Inventory:

Hand Weapons
 a - a +0 long sword
 e - a +2 dagger of electrocution (weapon)
Missiles
 d - 18 poisoned needles
Armour
 b - a +0 scale mail (worn)
 c - a +0 shield (worn)
Scrolls
 f - a scroll of random uselessness {unknown}
 g - 3 scrolls of remove curse {unknown}
 h - a scroll of identify {unknown}
 i - a scroll of fog {unknown}
 j - a scroll of fear {unknown}
 k - a scroll of teleportation {unknown}


   Skills:
 + Level 3.5 Fighting
 + Level 0.5(1.1) Short Blades
 - Level 1.5(1.6) Long Blades
 + Level 2.8 Armour
 + Level 2.9 Shields


You had 2 spell levels left.
You didn't know any spells.
Your spell library was empty.

Dungeon Overview and Level Annotations

Branches:
Dungeon (2/15)

Altars:


Innate Abilities, Weirdness & Mutations

You do not eat or drink.
Your flesh is vulnerable to fire.
You are immune to poison.
Your flesh is cold resistant. (rC+)
You are immune to negative energy. (rN+++)
You are immune to unholy pain and torment.
You can survive without breathing.


Message History

You see here an arrow.
A centaur is nearby!
A centaur is nearby!
A centaur is nearby!
The centaur shoots an arrow.
The arrow hits you.
You see here an arrow.
The centaur shoots an arrow.
The arrow barely misses you.
The centaur shoots an arrow.
You block the arrow.
You see here an arrow.
The centaur shoots an arrow.
The arrow hits you!
You see here an arrow.
You hit the centaur.
The centaur is lightly wounded.
The centaur unwields an uncursed shortbow.
The centaur hits you!
* * * LOW HITPOINT WARNING * * *
You hit the centaur. Lightning courses through the centaur!
The centaur is almost dead.
The centaur hits you.
You die...

...#. .. .≈≈≈... .....
......≈≈.. ...#.
...#....#####.#.#.
####.#....#.....#...
###...............#...
#.....................
#........†.....††###..
#...c@...............>
#.....(..(.......##...
#.......(......(†##.#.
#................##...
#......#....#....####.
#.!....#....###### #.
########....# #.
#?...# #. #....# ##


You could see a centaur.

Vanquished Creatures
  3 adders (D:2)
  9 bats
  2 goblins (D:1)
  A hobgoblin (D:2)
  A ball python (D:2)
  4 frilled lizards
  2 kobolds
  5 rats
27 creatures vanquished.

Notes
Turn   | Place    | Note
-------+----------+-------------------------------------------
     0 | D:1      | Inarius the Mummy Fighter began the quest for the Orb.
     0 | D:1      | Reached XP level 1. HP: 18/18 MP: 1/1
   135 | D:1      | Reached XP level 2. HP: 24/24 MP: 2/2
   668 | D:2      | Reached XP level 3. HP: 20/29 MP: 3/3
   899 | D:2      | Noticed a centaur
   905 | D:2      | Slain by a centaur

Vault maps used:
D:1:      minmay_arrival_stone_box
D:2:      chequers_ecumenical_altar_island

Action                   || total
-------------------------++-------
Melee: Dagger            ||    69
       Long sword        ||     7
Armor: Scale mail        ||    54
Dodge: Dodged            ||    19
Block: Shield            ||    40
       Rpst.: Long sword ||     1

Table legend:
 A = Non-vault XP
 B = Vault XP
 C = Vault XP percentage of total XP
 D = Non-vault monster count
 E = Vault monster count
 F = Vault count percentage of total count
                 A         B        C        D         E       F
            +---------+---------+-------+---------+---------+-------
      Total |      68 |       0 |   0.0 |      27 |       0 |   0.0
            +---------+---------+-------+---------+---------+-------
        D:1 |      19 |       0 |   0.0 |      16 |       0 |   0.0
        D:2 |      49 |       0 |   0.0 |      11 |       0 |   0.0
            +---------+---------+-------+---------+---------+-------
